Map: [ESL] Waterfall

Players

herO - Winner!

  • Race: Protoss Protoss
  • Spawn Location: 1:00

Reynor

  • Race: Zerg Zerg
  • Spawn Location: 7:00

VOD

Have the link to the VOD?

Description

Time

  • Played on: Nov. 4, 2022, 12:09 p.m.
  • Length: 9:08
Show
View Real Time Build Order
Export as new Build Order

herO Protoss - Winner!

Build Orders: 1 Gate Expand, Mass Adepts 

Get SALT Encoding   

  12  0:00  Probe  
  13  0:12  Probe  
  14  0:17  Pylon  
  14  0:24  Probe (Chrono Boost)  
  15  0:36  Probe (Chrono Boost)  
  15  0:42  Gateway  
  16  0:44  Probe (Chrono Boost)  
  17  0:50  Assimilator  
  17  0:51  Probe  
  18  1:03  Probe  
  19  1:15  Probe  
  20  1:27  Nexus  
  20  1:34  Cybernetics Core  
  20  1:37  Probe  
  21  1:43  Assimilator  
  21  1:49  Probe  
  21  1:52  Pylon  
  22  2:01  Probe  
  23  2:11  Adept, Warp Gate  
  23  2:14  Probe (Chrono Boost)  
  26  2:20  Twilight Council  
  27  2:24  Probe (Chrono Boost)  
  27  2:29  Probe (Chrono Boost)  
  28  2:39  Probe  
  28  2:41  Stalker  
  32  2:47  Gateway  
  32  2:51  Probe (Chrono Boost)  
  32  2:55  Gateway  
  32  2:56  Resonating Glaives (Chrono Boost)  
  32  3:01  Probe (Chrono Boost)  
  33  3:06  Probe (Chrono Boost)  
  33  3:11  Adept  
  36  3:16  Gateway  
  36  3:21  Pylon  
  36  3:22  Probe  
  36  3:23  Probe  
  39  3:34  Adept, Probe  
  39  3:35  Probe  
  39  3:40  Adept  
  44  3:42  Adept  
  44  3:47  Probe x2, Pylon  
  48  3:58  Pylon  
  48  3:59  Probe x2  
  48  4:01  Assimilator  
  50  4:04  Assimilator  
  50  4:11  Probe  
  50  4:12  Probe  
  50  4:13  Adept x2  
  56  4:18  Adept  
  56  4:20  Adept  
  60  4:25  Probe x2  
  60  4:28  Robotics Facility  
  60  4:30  Pylon  
  62  4:35  Assimilator  
  62  4:42  Adept x4  
  68  4:56  Probe x2  
  68  5:03  Pylon  
  68  5:06  Adept x4  
  65  5:28  Robotics Bay  
  62  5:30  Adept x4, Nexus  
  62  5:34  Shield Battery  
  69  5:36  Observer (Chrono Boost)  
  69  5:38  Probe x2  
  72  5:43  Pylon  
  72  5:52  Warp Prism (Chrono Boost)  
  72  5:53  Probe x2  
  74  6:05  Probe x2  
  72  6:25  Disruptor (Chrono Boost)  
  72  6:27  Probe x2  
  75  6:35  Blink (Chrono Boost)  
  75  6:39  Probe x2  
  77  6:41  Gateway  
  77  6:42  Gateway  
  77  6:44  Gateway  
  77  6:46  Gateway  
  77  6:51  Disruptor (Chrono Boost)  
  77  6:54  Probe x3  
  82  6:56  Assimilator  
  82  6:57  Assimilator, Pylon  
  82  6:59  Forge  
  82  7:01  Pylon  
  83  7:04  Stalker x3  
  89  7:12  Stalker  
  89  7:13  Probe x3  
  94  7:19  Gateway  
  94  7:20  Disruptor  
  97  7:22  Pylon  
  97  7:25  Probe x3  
  96  7:34  Stalker  
  96  7:35  Stalker x2  
  101  7:37  Probe  
  101  7:47  Probe x2  
  101  7:49  Photon Cannon  
  101  7:52  Pylon  
  101  7:58  Stalker x4  
  109  8:07  Stalker x2  
  109  8:09  Stalker  
  109  8:12  Stalker  
  117  8:18  Pylon  
  106  8:36  Stalker x6  
  106  8:37  Zealot x3  
  122  8:47  Nexus  
  122  8:49  Pylon  
Show
View Real Time Build Order
Export as new Build Order

Reynor Zerg 

Build Orders: Hatch First 

Get SALT Encoding   

  12  0:00  Drone  
  13  0:12  Overlord  
  13  0:17  Drone  
  14  0:31  Drone x2  
  14  0:35  Drone  
  17  0:52  Hatchery  
  17  0:54  Drone  
  17  0:58  Drone  
  18  1:08  Extractor  
  17  1:14  Spawning Pool  
  17  1:17  Drone  
  17  1:21  Drone  
  18  1:28  Drone  
  19  1:39  Drone  
  20  1:49  Overlord  
  20  2:00  Queen  
  22  2:04  Zergling x4, Queen  
  26  2:09  Metabolic Boost  
  26  2:15  Drone  
  27  2:16  Drone  
  27  2:22  Drone  
  29  2:25  Drone  
  30  2:39  Hatchery  
  30  2:41  Drone  
  30  2:45  Drone  
  30  2:46  Drone  
  30  2:51  Overlord  
  32  2:54  Drone  
  32  2:58  Drone  
  34  3:01  Queen  
  36  3:10  Drone, Overlord  
  37  3:13  Drone x2  
  37  3:15  Drone  
  40  3:20  Queen  
  40  3:22  Drone  
  40  3:25  Drone  
  44  3:30  Drone  
  44  3:33  Overlord  
  45  3:37  Queen  
  45  3:40  Drone  
  48  3:45  Drone  
  49  3:51  Drone  
  49  3:52  Queen, Roach Warren  
  49  3:55  Zergling x4  
  53  4:02  Zergling x4  
  55  4:05  Overlord  
  55  4:08  Drone  
  56  4:10  Drone  
  56  4:11  Drone  
  56  4:12  Overlord  
  56  4:14  Drone  
  59  4:19  Spore Crawler  
  59  4:22  Overlord  
  58  4:32  Roach x6  
  58  4:36  Roach  
  58  4:38  Queen  
  74  4:40  Zergling x2  
  74  4:45  Overlord  
  74  4:47  Zergling x2, Roach  
  74  4:48  Drone  
  74  4:49  Drone  
  73  4:53  Drone  
  73  4:58  Drone x2  
  74  5:00  Overlord  
  74  5:06  Drone x3  
  73  5:12  Spore Crawler  
  73  5:13  Drone x2  
  70  5:15  Drone  
  70  5:22  Drone x2  
  70  5:28  Drone x4  
  76  5:29  Extractor  
  76  5:30  Extractor  
  76  5:34  Roach x2  
  78  5:37  Drone  
  78  5:38  Drone x2  
  78  5:41  Drone x2  
  83  5:44  Extractor  
  83  5:49  Zergling x4  
  84  5:50  Overlord  
  84  5:55  Drone  
  85  5:57  Overlord  
  85  6:01  Evolution Chamber  
  83  6:05  Drone x2  
  83  6:06  Drone x2  
  83  6:07  Drone  
  83  6:10  Drone  
  86  6:13  Lair  
  86  6:14  Drone x3  
  86  6:15  Drone  
  86  6:17  Drone  
  87  6:23  Drone  
  87  6:24  Drone  
  83  6:29  Drone  
  84  6:33  Drone  
  84  6:35  Drone  
  84  6:38  Drone  
  83  6:41  Roach  
  83  6:42  Zergling x4  
  83  6:46  Spore Crawler  
  83  6:48  Drone x2  
  83  6:50  Drone  
  83  6:56  Roach  
  83  6:59  Drone  
  86  7:04  Queen  
  86  7:07  Drone  
  86  7:08  Drone, Evolution Chamber  
  89  7:10  Drone x3  
  89  7:14  Drone  
  92  7:18  Drone x2  
  95  7:22  Drone  
  95  7:28  Drone  
  93  7:30  Drone  
  93  7:33  Drone  
  93  7:40  Drone x2  
  93  7:41  Drone x2  
  93  7:42  Drone  
  93  7:43  Hatchery  
  95  7:46  Glial Reconstitution  
  95  7:48  Overseer  
  95  7:50  Drone x2  
  97  7:53  Baneling Nest  
  97  7:54  Zergling x2  
  97  8:00  Zergling x2  
  97  8:01  Zergling x2  
  97  8:04  Zergling x2  
  100  8:06  Zergling x6  
  100  8:09  Ravager x2  
  100  8:11  Ravager, Overlord  
  100  8:12  Zergling x10  
  111  8:13  Zergling x2  
  111  8:16  Overlord  
  111  8:20  Roach  
  111  8:25  Roach x2  
  111  8:26  Roach  
  109  8:27  Queen  
  106  8:35  Zergling x4  
  106  8:36  Zergling x6  
  90  8:42  Roach x3  
  90  8:45  Roach x3  
  90  8:48  Zergling x2, Roach x2  
Tags
 
Add a new tag
Caveats
  • Supply blocks, unpowered buildings, or Contaminate may cause inaccurate times.
  • Supply counts are checked every 10 seconds.